 Dungeon Crawl Stone Soup version 0.18.1-5-g4a78601 (webtiles) character file.

423945 imganon the Axe Maniac (level 22, 0/198 HPs)
             Began as a Demonspawn Berserker on May 9, 2016.
             Was the Champion of Trog.
             Slain by a glaive of venom (17 damage)
             ... on level 2 of the Elven Halls on May 10, 2016.
             The game lasted 02:36:03 (61372 turns).

imganon the Axe Maniac (Demonspawn Berserker)      Turns: 61372, Time: 02:36:05

Health: 0/198      AC: 31    Str: 28    XL:     22   Next: 70%
Magic:  10/10      EV: 11    Int: 10    God:    Trog [******]
Gold:   4830       SH:  0    Dex: 13    Spells: 0 memorised, 21 levels left

rFire  + . .     SeeInvis +     b - +9 executioner's axe (antimagic)
rCold  + + .     Gourm    +     h - +1 plate armour {MR+}
rNeg   + . .     Faith    .     (shield currently unavailable)
rPois  +         Spirit   .     O - +1 helmet
rElec  .         Dismiss  .     p - +2 cloak {MR+}
rCorr  .         Reflect  .     v - +1 pair of gloves {archery}
SustAt .         Harm     .     (boots unavailable)
MR     +++..                    T - amulet of the gourmand
Stlth  ..........               U - ring "Izxo" {rC++ EV+3 SInv}
                                f - ring of Scepticism {rPois rN+ Str+2 Stlth+}

@: lethally poisoned (0 -> 0), extremely resistant to hostile enchantments,
extremely unstealthy
A: claws 1, talons 3, molten scales 3, high mp 1, powered by pain 3, robust 1,
spiny 3
a: Berserk, Trog's Hand, Brothers in Arms, Burn Spellbooks, Renounce Religion
}: 2/15 runes: decaying, gossamer


You were on level 2 of the Elven Halls.
You worshipped Trog.
Trog was exalted by your worship.
You were not hungry.

You visited 8 branches of the dungeon, and saw 42 of its levels.

You collected 4933 gold pieces.
You spent 103 gold pieces at shops.

Inventory:

Hand Weapons
 b - a +9 antimagic executioner's axe (weapon)
 P - a +6 executioner's axe of flaming
Armour
 h - a +1 plate armour of magic resistance (worn)
 p - a +2 cloak of magic resistance (worn)
 v - a +1 pair of gloves of archery (worn)
 O - a +1 helmet (worn)
Jewellery
 f - the ring of Scepticism (left hand) {rPois rN+ Str+2 Stlth+}
   (You found it on level 3 of the Crypt)

   [ring of positive energy]

   It affects your strength (+2).
   It protects you from poison.
   It protects you from negative energy.
   It makes you more stealthy.
 n - an uncursed ring of sustain attributes
 q - an uncursed ring of flight
 y - an uncursed ring of protection from magic
 A - an uncursed ring of protection from cold
 H - the ring of Nihilism {rElec rN+ MR+ Str+4}
   (You found it on level 3 of the Crypt)

   [ring of positive energy]

   It affects your strength (+4).
   It insulates you from electricity.
   It protects you from negative energy.
   It affects your resistance to hostile enchantments.
 J - an uncursed ring of wizardry {unknown}
 T - an amulet of the gourmand (around neck)
 U - the ring "Izxo" (right hand) {rC++ EV+3 SInv}
   (You found it on level 6 of the Lair of Beasts)

   [ring of evasion]

   It affects your evasion (+3).
   It greatly protects you from cold.
   It lets you see invisible.
 X - an uncursed ring of protection from cold
Wands
 s - a wand of teleportation (5/9)
 D - a wand of hasting (4/9)
 F - a wand of digging (15/24)
 L - a wand of acid (5/15)
 M - a wand of disintegration (14/24)
 N - a wand of paralysis (12/24)
 R - a wand of disintegration (1/24)
 S - a wand of digging (14/24)
 Z - a wand of teleportation (2/9)
Scrolls
 a - a scroll of summoning
 c - 3 scrolls of enchant armour
 d - 8 scrolls of recharging
 j - 15 scrolls of identify
 k - 3 scrolls of enchant weapon
 m - 4 scrolls of teleportation
 o - 6 scrolls of fear
 r - 3 scrolls of magic mapping
 w - 22 scrolls of remove curse
 x - 3 scrolls of fog
 B - a scroll of blinking
Potions
 e - 11 potions of curing
 g - 6 potions of ambrosia
 l - 2 potions of might
 u - 2 potions of cure mutation
 z - 2 potions of cancellation
 C - a potion of brilliance
 E - a potion of resistance
 G - 4 potions of magic
 I - 5 potions of berserk rage
 K - 8 potions of flight
 Q - 5 potions of agility
 W - 4 potions of invisibility
Comestibles
 i - 19 meat rations
 t - 16 royal jellies
 Y - a bread ration


   Skills:
 + Level 16.6 Fighting
 O Level 27 Axes
 + Level 16.3 Armour
 - Level 1.7 Dodging
 - Level 8.2 Evocations


You had 21 spell levels left.
You didn't know any spells.

Dungeon Overview and Level Annotations

Branches:
Dungeon (15/15)            Temple (0/1) D:6            Lair (8/8) D:8
  Swamp (4/4) Lair:5       Spider (4/4) Lair:5        Slime (0/6) Lair:7
    Orc (2/2) D:10            Elf (2/3) Orc:2        Vaults (4/5) D:13
  Crypt (3/3) Vaults:3       Tomb (0/3) Crypt:3      Depths (0/5) D:15

Altars:
Dithmenos
Gozag
Yredelemnul
Jiyva

Shops:
D:4 =   D:14 *   Orc:2 *}}=   Elf:2 *   Vaults:1 [[

Annotations:
Lair:8 PeterLawrence's ghost, journeyman MiFi


Innate Abilities, Weirdness & Mutations

You have claws for feet.
You are completely covered in molten scales (AC +4, EV -1, rF+).
You are powered by pain.
You are robust (+10% HP).
You are completely covered in sharp spines.
You have sharp fingernails.
You have an increased reservoir of magic (+10% MP).


Message History

You are lethally poisoned!
Drink which item? (? for menu, Esc to quit)
You feel better.
The trident of venom hits you but does no damage.
The glaive of venom hits you from afar!
* * * LOW HITPOINT WARNING * * *
The trident of venom hits you but does no damage.
There is an open gate, spattered with blood here.
The trident of venom hits you from afar.
* * * LOW HITPOINT WARNING * * *
You are poisoned.
Unknown command.
Your deep troll goes berserk!
You feel somewhat more hungry.
You feel sick.
The trident of venom hits you but does no damage.
You feel sick.
The trident of venom hits you from afar!
* * * LOW HITPOINT WARNING * * *
The glaive of venom hits you from afar!
You die...

......###.).## ### #.
.......#...## ## ..........)##
############### #
............###.............# #
.............##.#.#.#.#.#.#.#
.........))..##.............#
.........)...#######'###..#.#
............'##...#....##.).#
...........#')(T@)#.....#)#.##
...........##)(...'.....#....####
...........#'.'...#.....#.#......
...........'##...#....##.).#####
...........#######'###..#.#
...........##.........)...#
...........##.#.#.#.#.#.#.# #
..........###.............# ##
..........## ############### ##.


You could see 2 dancing weapons and a friendly deep troll (berserk).

Vanquished Creatures
  Mara (Swamp:3)
  An ancient lich (Crypt:3)
  Sojobo (Vaults:3)
  Boris (Vaults:4)
  the Lernaean hydra (Swamp:4)
  Nikola (Swamp:1)
  Xtahua (Vaults:3)
  A bone dragon (Crypt:3)
  Jorgrun (Vaults:3)
  5 liches
  Rupert (Lair:4)
  A deep elf blademaster (Elf:2)
  2 ancient champions
  3 tengu reavers
  A thorn hunter (Swamp:1)
  5 revenants
  2 fire giants
  Maud (Lair:5)
  3 frost giants
  2 deep elf sorcerers (Vaults:3)
  2 ghost moths
  13 vault wardens
  6 emperor scorpions (Spider:4)
  20 ghouls
  An orc warlord (D:10)
  14 ironheart preservers
  A curse skull (Crypt:2)
  8 stone giants
  4 war gargoyles (Crypt:3)
  2 very ugly things
  A deep elf annihilator (Elf:1)
  Nessos (D:15)
  2 deep elf demonologists
  2 salamander stormcallers
  3 vampire knights
  A dire elephant (D:15)
  6 eidola
  3 deep elf death magi
  2 ettins
  Josephine (Lair:8)
  3 crystal guardians (Crypt:3)
  A quicksilver dragon zombie (Crypt:1)
  2 entropy weavers
  19 jiangshi
  10 vault guards
  4 yaktaur captains
  A quicksilver dragon skeleton (Crypt:3)
  A great orb of eyes (Vaults:3)
  31 hydras
  3 ice dragons
  7 death knights
  9 alligators
  9 ogre magi
  Erica (Lair:2)
  4 catoblepae
  20 dancing weapons
  A ghost crab (Swamp:1)
  12 centaur warriors
  2 tengu warriors (D:15)
  A deep troll shaman (Vaults:4)
  15 death yaks
  7 vampire magi
  Urug (D:15)
  3 orc high priests (Orc:2)
  2 titan zombies
  A shock serpent (shapeshifter) (Vaults:4)
  2 soul eaters
  Sonja (Lair:4)
  9 deep elf knights
  4 spriggans
  A titan skeleton (Crypt:3)
  Nergalle (D:11)
  38 skeletal warriors
  A storm dragon zombie (Crypt:3)
  6 hell knights (Crypt:3)
  A salamander mystic (Vaults:4)
  A fire crab (Vaults:3)
  6 unseen horrors
  13 deep trolls
  A storm dragon skeleton (Crypt:1)
  4 shadow wraiths
  4 flayed ghosts (Vaults:2)
  3 wizards
  2 shambling mangroves (Swamp:3)
  A deep troll (shapeshifter) (Vaults:3)
  6 hill giants
  A giant orange brain (Vaults:1)
  A golden dragon zombie (Crypt:3)
  6 deep elf archers
  The ghost of grippy the Skirmisher, a novice KoFi of Trog (D:6)
  12 swamp dragons
  9 phantasmal warriors
  12 orc knights
  An anaconda skeleton (Crypt:1)
  12 necromancers
  14 ironbrand convokers
  A hornet (shapeshifter) (Vaults:1)
  A harpy (shapeshifter) (Vaults:4)
  3 fire giant zombies
  12 orb spiders
  2 wolf spider zombies
  6 orc sorcerers
  A stone giant zombie (Crypt:3)
  8 griffons
  45 deep elf magi
  3 harpies (Vaults:3)
  3 salamanders
  29 wolf spiders
  5 cyclopes
  A hornet (Vaults:1)
  A manticore (D:13)
  16 ugly things
  9 elephants (Lair:7)
  2 moths of wrath
  4 black mambas
  A dire elephant zombie (Crypt:2)
  14 vault sentinels
  3 gargoyles
  3 rime drakes
  11 freezing wraiths
  14 komodo dragons
  22 spiny frogs
  A dire elephant skeleton (Crypt:3)
  A kobold demonologist (Vaults:3)
  An efreet (D:13)
  27 yaktaurs
  5 demonic crawlers
  A harpy zombie (Crypt:3)
  A tengu conjurer (D:13)
  A queen bee (shapeshifter) (Vaults:3)
  8 trolls
  A wolf spider simulacrum (Crypt:2)
  2 hydra zombies
  A wind drake (shapeshifter) (Vaults:1)
  A polar bear (shapeshifter) (Vaults:1)
  A queen bee (Lair:5)
  A polar bear (Lair:5)
  18 jumping spiders
  Prince Ribbit (D:5)
  6 giant leeches
  13 two-headed ogres
  9 slime creatures
  35 blink frogs
  A minotaur skeleton (Crypt:2)
  13 boulder beetles
  A fire dragon zombie (Crypt:3)
  13 bog bodies
  A fire giant simulacrum (Crypt:2)
  3 ettin zombies
  34 flying skulls
  2 air elementals (Elf:1)
  6 shadows
  A shock serpent simulacrum (Crypt:2)
  20 tarantellas
  2 water elementals
  63 redbacks
  17 wraiths
  11 wyverns
  A spriggan (shapeshifter) (Elf:2)
  20 humans (D:13)
  82 yaks
  9 basilisks
  41 vampire mosquitoes
  A steam dragon (D:11)
  2 hungry ghosts
  16 hippogriffs
  2 mottled dragons (Vaults:1)
  A soldier ant (shapeshifter) (Vaults:4)
  3 wargs
  Menkaure (D:4)
  19 swamp worms
  Duvessa (D:4)
  12 water moccasins
  8 porcupines
  29 orc warriors
  14 swamp drakes
  6 ice beasts
  2 black bears
  A snapping turtle zombie (Crypt:1)
  10 necrophages
  A black mamba simulacrum (Crypt:1)
  4 sky beasts
  An alligator simulacrum (Crypt:1)
  39 ogres
  9 wasps
  6 phantoms
  9 wolves
  A swamp dragon skeleton (Crypt:1)
  A manticore skeleton (Crypt:3)
  17 centaurs
  15 crocodiles
  A blink frog skeleton (Crypt:2)
  3 big kobolds
  A dryad skeleton (Crypt:2)
  10 giant frogs
  2 wyvern zombies
  A gnoll sergeant (D:11)
  A warg zombie (Crypt:2)
  3 earth elementals
  Dowan (D:4)
  9 scorpions
  An orc simulacrum (Vaults:1)
  39 killer bees
  27 wights
  8 howler monkeys
  An electric eel (D:14)
  5 crimson imps
  3 centaur zombies
  A giant frog zombie (D:11)
  A demonspawn zombie (Crypt:2)
  A quasit (D:9)
  A yaktaur simulacrum (Vaults:1)
  A hound (D:14)
  7 jellies
  A basilisk zombie (Crypt:1)
  3 centaur skeletons
  2 giant frog skeletons
  A human simulacrum (Vaults:1)
  A human zombie (Crypt:2)
  15 orc priests
  34 orc wizards
  8 iguanas
  A demonspawn skeleton (Crypt:1)
  10 worker ants
  2 porcupine zombies (Crypt:2)
  33 sheep
  A crocodile zombie (Crypt:2)
  A hound zombie (Crypt:1)
  5 hound skeletons
  13 adders
  9 gnolls
  A howler monkey skeleton (D:7)
  A scorpion zombie (Crypt:1)
  51 river rats
  4 shadow imps
  2 oozes
  2 adder skeletons
  3 worms
  5 dart slugs
  4 giant geckos
  100 orcs
  A bat skeleton (Crypt:2)
  8 giant cockroaches
  3 goblins
  5 hobgoblins
  13 jackals
  4 quokkas
  A ball python (D:4)
  6 bats
  2 giant newts
  A jackal zombie (D:7)
  22 kobolds
  A quokka skeleton (D:6)
  5 rats
  7 fungi
  5 plants
1924 creatures vanquished.

Vanquished Creatures (collateral kills)
  Agnes (D:15)
  Aizul (Swamp:1)
  A vault warden (Vaults:3)
  A vault guard (Vaults:3)
  4 ugly things (Vaults:3)
  A wolf spider (Spider:2)
  A kobold demonologist (Vaults:3)
  A swamp worm (Swamp:1)
  An orc warrior (D:9)
  A killer bee (D:9)
13 creatures vanquished.

Vanquished Creatures (others)
  A yaktaur (Vaults:3)
  A jumping spider (Spider:3)
  17 fungi
  4 lost souls
  21 plants
44 creatures vanquished.

Grand Total: 1981 creatures vanquished

Notes
Turn   | Place    | Note
--------------------------------------------------------------
     0 | D:1      | imganon the Demonspawn Berserker began the quest for the Orb.
     0 | D:1      | Reached XP level 1. HP: 18/18 MP: 1/1
   101 | D:1      | Reached skill level 3 in Axes
   113 | D:1      | Gained mutation: You are partially covered in sharp spines. [demonic ancestry]
   113 | D:1      | Reached XP level 2. HP: 11/24 MP: 2/2
   340 | D:1      | Gained mutation: You are partially covered in molten scales (AC +1). [demonic ancestry]
   340 | D:1      | Reached XP level 3. HP: 15/29 MP: 3/3
   517 | D:1      | Reached ** piety under Trog
   669 | D:1      | Reached skill level 4 in Axes
  1433 | D:3      | Gained mutation: You are mostly covered in molten scales (AC +3, EV -1). [demonic ancestry]
  1433 | D:3      | Reached XP level 4. HP: 30/35 MP: 4/4
  1434 | D:3      | Noticed a phantom
  1780 | D:3      | Upgraded the game from 0.18.1-2-ga659475 to 0.18.1-5-g4a78601
  1830 | D:3      | Reached skill level 5 in Axes
  1838 | D:3      | Gained mutation: You are mostly covered in sharp spines. [demonic ancestry]
  1838 | D:3      | Reached XP level 5. HP: 9/41 MP: 5/5
  1989 | D:3      | Killed a phantom
  2141 | D:3      | Reached skill level 6 in Axes
  2236 | D:4      | Noticed an ogre
  2241 | D:4      | Killed an ogre
  2241 | D:4      | Gained mutation: You sometimes gain a little power by taking damage. [demonic ancestry]
  2241 | D:4      | Reached XP level 6. HP: 22/47 MP: 6/6
  2443 | D:4      | Reached *** piety under Trog
  2620 | D:4      | Found Dicopen's Jewellery Shop.
  2654 | D:4      | Noticed Menkaure
  2662 | D:4      | Killed Menkaure
  2662 | D:4      | Reached skill level 7 in Axes
  2904 | D:4      | Noticed Dowan
  2905 | D:4      | Noticed Duvessa
  2910 | D:4      | Killed Dowan
  2910 | D:4      | Reached XP level 7. HP: 45/52 MP: 7/7
  2916 | D:4      | Killed Duvessa
  3094 | D:4      | Reached skill level 8 in Axes
  3315 | D:5      | Entered Level 5 of the Dungeon
  3710 | D:5      | Reached skill level 9 in Axes
  3710 | D:5      | Gained mutation: You have sharp toenails. [demonic ancestry]
  3710 | D:5      | Reached XP level 8. HP: 58/58 MP: 8/8
  3800 | D:5      | Found a shadowy altar of Dithmenos.
  3845 | D:5      | Noticed Prince Ribbit
  3867 | D:5      | Reached **** piety under Trog
  3870 | D:5      | Killed Prince Ribbit
  3870 | D:5      | Reached skill level 10 in Axes
  4552 | D:6      | Found a staircase to the Ecumenical Temple.
  4668 | D:6      | Noticed grippy's ghost (novice KoFi)
  4686 | D:6      | Killed grippy's ghost
  4686 | D:6      | Reached skill level 11 in Axes
  4686 | D:6      | Reached XP level 9. HP: 63/63 MP: 9/9
  5324 | D:8      | Found a staircase to the Lair.
  5435 | D:8      | Reached skill level 12 in Axes
  5779 | D:8      | Reached ***** piety under Trog
  6005 | D:9      | Reached skill level 13 in Axes
  6016 | D:9      | Reached XP level 10. HP: 60/70 MP: 10/10
  6019 | D:9      | Received a gift from Trog
  6273 | D:9      | Reached skill level 14 in Axes
  6965 | D:10     | Entered Level 10 of the Dungeon
  7004 | D:10     | Noticed a centaur warrior
  7013 | D:10     | Killed a centaur warrior
  7291 | D:10     | Reached skill level 15 in Axes
  7291 | D:10     | Reached XP level 11. HP: 75/75 MP: 11/11
  7459 | D:10     | Found a staircase to the Orcish Mines.
  9131 | D:11     | Noticed Nergalle
  9223 | D:11     | Killed Nergalle
  9223 | D:11     | Reached skill level 16 in Axes
  9427 | D:10     | Noticed a centaur warrior
  9436 | D:10     | Killed a centaur warrior
 10192 | D:10     | Noticed a hill giant
 10200 | D:10     | Killed a hill giant
 10200 | D:10     | Reached skill level 5 in Fighting
 10448 | D:11     | Received a gift from Trog
 10736 | D:12     | Noticed an eight-headed hydra
 10984 | D:8      | Gained mutation: You are completely covered in molten scales (AC +4, EV -1, rF+). [demonic ancestry]
 10984 | D:8      | Reached XP level 12. HP: 77/87 MP: 12/12
 11170 | Lair:1   | Entered Level 1 of the Lair of Beasts
 11229 | Lair:1   | Reached skill level 5 in Armour
 12575 | Lair:2   | Noticed a five-headed hydra
 12708 | Lair:2   | Noticed Erica
 12713 | Lair:2   | Killed Erica
 12896 | Lair:2   | Killed an eight-headed hydra
 13314 | Lair:3   | Reached ****** piety under Trog
 13598 | Lair:3   | Received a gift from Trog
 13641 | Lair:3   | Noticed a five-headed hydra
 13660 | Lair:3   | Killed a one-headed hydra
 13660 | Lair:3   | Gained mutation: You have razor-sharp toenails. [demonic ancestry]
 13660 | Lair:3   | Reached XP level 13. HP: 63/101 MP: 13/13
 14830 | Lair:4   | Reached skill level 10 in Fighting
 14969 | Lair:4   | Noticed Rupert
 14978 | Lair:4   | Killed Rupert
 15450 | Lair:4   | Reached skill level 17 in Axes
 15663 | Lair:4   | Noticed Sonja
 15751 | Lair:4   | Killed Sonja
 15992 | Lair:5   | Found a staircase to the Swamp.
 16174 | Lair:5   | Received a gift from Trog
 16427 | Lair:5   | Reached skill level 10 in Armour
 16441 | Lair:5   | Identified a scroll of acquirement
 16716 | Lair:5   | Reached XP level 14. HP: 98/110 MP: 14/14
 16741 | Lair:5   | You are sucked into a shaft for 2 floors!
 16754 | Lair:7   | Found a viscous altar of Jiyva.
 16754 | Lair:7   | Found a staircase to the Slime Pits.
 17300 | Lair:7   | Received a gift from Trog
 17628 | Lair:8   | Entered Level 8 of the Lair of Beasts
 17805 | Lair:8   | Reached skill level 18 in Axes
 18118 | Lair:8   | Noticed Josephine
 18125 | Lair:8   | Killed Josephine
 18261 | Lair:8   | Noticed PeterLawrence's ghost (journeyman MiFi)
 18582 | Lair:8   | Identified the Tome of the Lethal Rocks
 19458 | Lair:8   | Reached skill level 19 in Axes
 20766 | Lair:6   | Gained mutation: You are completely covered in sharp spines. [demonic ancestry]
 20766 | Lair:6   | Reached XP level 15. HP: 91/115 MP: 15/15
 20962 | Lair:6   | Received a gift from Trog
 21320 | Lair:6   | Got a glittering iron ring
 21687 | Lair:5   | Noticed Maud
 21697 | Lair:5   | Killed Maud
 21746 | Lair:5   | Found a hole to the Spider Nest.
 22513 | Orc:1    | Entered Level 1 of the Orcish Mines
 22534 | Orc:1    | Noticed an orc warlord
 22550 | D:10     | Killed an orc warlord
 22904 | Orc:2    | Entered Level 2 of the Orcish Mines
 23014 | Orc:2    | Received a gift from Trog
 23017 | Orc:2    | Found a staircase to the Elven Halls.
 23445 | Orc:2    | Reached skill level 20 in Axes
 23935 | Orc:2    | Received a gift from Trog
 24476 | Orc:2    | Found Tocry's General Store.
 24476 | Orc:2    | Found Veyn Vie's Jewellery Emporium.
 24478 | Orc:2    | Found Qoeff's Gadget Boutique.
 24478 | Orc:2    | Found Owozyn's Gadget Emporium.
 25733 | D:12     | Identified the ring "Izxo" {rC++ EV+3 SInv} (You found it on level 6 of the Lair of Beasts)
 25764 | D:12     | Received a gift from Trog
 26237 | D:13     | Found a gate to the Vaults.
 26251 | D:13     | Reached skill level 21 in Axes
 27067 | D:14     | Gained mutation: You sometimes gain power by taking damage. [demonic ancestry]
 27067 | D:14     | Reached XP level 16. HP: 111/122 MP: 16/16
 27096 | D:14     | Received a gift from Trog
 27383 | D:14     | Found an opulent altar of Gozag.
 27383 | D:14     | Found Gozag's Platinum Reserve.
 27690 | D:15     | Entered Level 15 of the Dungeon
 28107 | D:15     | Noticed Agnes
 28116 | D:15     | Killed Agnes
 28540 | D:15     | Noticed Urug
 28549 | D:15     | Killed Urug
 28720 | D:15     | Noticed Nessos
 28763 | D:15     | Killed Nessos
 29029 | D:15     | Found a staircase to the Depths.
 29555 | Swamp:1  | Entered Level 1 of the Swamp
 29569 | Swamp:1  | Noticed Nikola
 29595 | Swamp:1  | Killed Nikola
 29595 | Swamp:1  | Reached skill level 22 in Axes
 30090 | Swamp:1  | Noticed Aizul
 30104 | Swamp:1  | Killed Aizul
 30107 | Swamp:1  | Received a gift from Trog
 30571 | Swamp:1  | Noticed a thorn hunter
 30583 | Swamp:1  | Killed a thorn hunter
 32742 | Swamp:3  | Noticed Mara
 32760 | Swamp:3  | Noticed imganon's illusion
 32903 | Swamp:3  | Noticed imganon's illusion
 32930 | Swamp:3  | Killed Mara
 32930 | Swamp:3  | Reached XP level 17. HP: 71/129 MP: 17/17
 33416 | Swamp:4  | Entered Level 4 of the Swamp
 33684 | Swamp:4  | Received a gift from Trog
 33734 | Swamp:4  | Reached skill level 23 in Axes
 34056 | Swamp:4  | Noticed the 27-headed Lernaean hydra
 34065 | Swamp:4  | Killed the 23-headed Lernaean hydra
 34397 | Swamp:4  | Got a decaying rune of Zot
 34602 | Spider:1 | Entered Level 1 of the Spider Nest
 35228 | Spider:1 | Reached skill level 1 in Evocations
 36357 | Spider:2 | Received a gift from Trog
 37746 | Spider:4 | Entered Level 4 of the Spider Nest
 38248 | Spider:4 | Gained mutation: You have claws for feet. [demonic ancestry]
 38248 | Spider:4 | Reached XP level 18. HP: 139/139 MP: 20/20
 38756 | Spider:4 | HP: 6/139 [jumping spider (6)]
 39653 | Spider:4 | Received a gift from Trog
 39678 | Spider:4 | Got a gossamer rune of Zot
 39998 | Vaults:1 | Entered Level 1 of the Vaults
 40375 | Vaults:1 | Reached skill level 5 in Evocations
 40577 | Vaults:1 | Found Kynyi's Antique Armour Shop.
 40600 | Vaults:1 | Bought a pair of embroidered gloves for 103 gold pieces
 40834 | Vaults:1 | Found Peso's Armour Shop.
 41206 | Vaults:1 | Received a gift from Trog
 41442 | Vaults:1 | Reached skill level 24 in Axes
 42329 | Vaults:2 | Received a gift from Trog
 42420 | Vaults:2 | Noticed a lich
 42941 | Vaults:2 | Killed a lich
 43200 | Vaults:2 | Reached XP level 19. HP: 141/148 MP: 24/24
 44536 | Vaults:3 | Received a gift from Trog
 44791 | Vaults:3 | Noticed Sojobo
 44816 | Vaults:3 | Killed Sojobo
 45719 | Vaults:3 | Found a staircase to the Crypt.
 45742 | Vaults:3 | Noticed Xtahua
 45763 | Vaults:3 | Killed Xtahua
 46501 | Vaults:3 | Received a gift from Trog
 46656 | Vaults:3 | Received a gift from Trog
 46793 | Vaults:3 | Noticed Jorgrun
 46808 | Vaults:3 | Killed Jorgrun
 47119 | Vaults:3 | Gained mutation: You are robust (+10% HP). [demonic ancestry]
 47119 | Vaults:3 | Reached XP level 20. HP: 100/173 MP: 26/26
 48216 | Vaults:4 | Received a gift from Trog
 48349 | Vaults:4 | Reached skill level 25 in Axes
 48759 | Vaults:4 | Noticed Boris
 48773 | Vaults:4 | Killed Boris
 49468 | Vaults:4 | Received a gift from Trog
 50987 | Crypt:1  | Entered Level 1 of the Crypt
 52664 | Vaults:3 | Gained mutation: You are powered by pain. [demonic ancestry]
 52664 | Vaults:3 | Reached XP level 21. HP: 162/183 MP: 27/27
 52874 | Crypt:1  | Received a gift from Trog
 53354 | Crypt:1  | Reached skill level 15 in Fighting
 54164 | Crypt:2  | Reached skill level 15 in Armour
 54379 | Crypt:1  | Reached skill level 26 in Axes
 54747 | Crypt:2  | Gained mutation: You have an increased reservoir of magic (+10% MP). [potion of beneficial mutation]
 54748 | Crypt:2  | Gained mutation: You have sharp fingernails. [potion of beneficial mutation]
 56303 | Crypt:3  | Entered Level 3 of the Crypt
 56914 | Crypt:3  | Found a staircase to the Tomb.
 57556 | Crypt:3  | Reached XP level 22. HP: 194/194 MP: 10/31
 58757 | Crypt:3  | Found a basalt altar of Yredelemnul.
 58758 | Crypt:3  | Noticed an ancient lich
 58790 | Crypt:3  | Killed an ancient lich
 58975 | Crypt:3  | Got a coiled lead ring
 58975 | Crypt:3  | Got a sparkling granite ring
 58977 | Crypt:3  | Identified the ring of Scepticism {rPois rN+ Str+2 Stlth+} (You found it on level 3 of the Crypt)
 58978 | Crypt:3  | Identified the ring of Nihilism {rElec rN+ MR+ Str+4} (You found it on level 3 of the Crypt)
 58994 | Crypt:3  | Received a gift from Trog
 59534 | Elf:1    | Entered Level 1 of the Elven Halls
 60101 | Elf:1    | Identified the Catalogue of Attacks
 60563 | Elf:2    | Found Ytiv's General Store.
 60645 | Elf:2    | Found a runed gate.
 60651 | Elf:2    | Found a runed gate.
 60651 | Elf:2    | Found a runed gate.
 61162 | Elf:2    | Received a gift from Trog
 61362 | Elf:2    | Reached skill level 27 in Axes
 61372 | Elf:2    | Slain by a glaive of venom

Skill      XL: |  1  2  3  4  5  6  7  8  9 10 11 12 13 14 15 16 17 18 19 20 21 22 |
---------------+-------------------------------------------------------------------+-----
Axes           | 3 4 5 6 7 9 11 13 15 16 17 19 21 22 23 24 25 26 27 | 27.0
Armour         | 4 8 10 11 12 13 14 15 16 | 16.3
Fighting       | 5 9 10 11 12 13 14 15 16 | 16.6
Evocations     | 3 6 8 |  8.2
Dodging        | |  1.7

Action                   |  1- 3 |  4- 6 |  7- 9 | 10-12 | 13-15 | 16-18 | 19-21 | 22-24 || total
-------------------------+-------+-------+-------+-------+-------+-------+-------+-------++-------
Melee: Hand axe          |    60 |    74 |   285 |    40 |       |       |       |       ||   459
       Kick              |       |       |    83 |   214 |   156 |   404 |   506 |   169 ||  1532
       Battleaxe         |       |       |       |   592 |       |       |       |       ||   592
       Executioner's axe |       |       |       |    13 |   918 |  1212 |  1280 |   424 ||  3847
Invok: Berserk           |     1 |     1 |     3 |     8 |     4 |    10 |     2 |     1 ||    30
       Trog's Hand       |       |       |       |     3 |     3 |     5 |     7 |     1 ||    19
       Brothers in Arms  |       |       |       |     1 |       |     2 |     1 |     1 ||     5
       Burn Spellbooks   |       |       |       |     1 |     5 |       |     2 |     3 ||    11
Evoke: Wand              |       |       |       |     3 |       |     9 |       |       ||    12
  Use: Scroll            |     2 |       |     9 |     9 |    10 |    11 |    11 |     7 ||    59
       Potion            |       |       |     6 |     4 |     2 |     3 |     9 |     2 ||    26
 Stab: Sleeping          |     1 |       |       |       |       |       |       |       ||     1
       Distracted        |       |       |       |     1 |       |       |     3 |     1 ||     5
       Paralysed         |       |       |       |       |       |     3 |       |       ||     3
       Held in net/web   |       |       |       |       |       |     1 |       |       ||     1
  Eat: Chunk             |     3 |     1 |     6 |    23 |    48 |    19 |    11 |       ||   111
       Bread ration      |       |     1 |     2 |       |       |     6 |     6 |       ||    15
       Meat ration       |       |       |       |     2 |       |       |     1 |     2 ||     5
       Beef jerky        |       |       |       |     4 |       |     7 |     1 |       ||    12
       Pizza             |       |       |       |     1 |     3 |     1 |     3 |       ||     8
       Fruit             |       |       |       |       |     6 |     5 |       |     4 ||    15
Armor: Leather armour    |    11 |    16 |       |       |       |       |       |       ||    27
       Scale mail        |       |     9 |    85 |       |       |       |       |       ||    94
       Chain mail        |       |       |    51 |     1 |    43 |   740 |       |       ||   835
       Plate armour      |       |       |       |   460 |   815 |   227 |   756 |   253 ||  2511
       Skin              |       |       |       |       |       |     2 |       |       ||     2
Dodge: Dodged            |    21 |    26 |    86 |   170 |   340 |   561 |   457 |   129 ||  1790
